Map: Dreamcatcher LE

Players

lIlIlIlIlIlI - Winner!

  • Race: Terran Terran
  • League: Master
  • Spawn Location: 11:00

llllllllllll

  • Race: Protoss Protoss
  • League: Master
  • Spawn Location: 5:00

VOD

Have the link to the VOD?

Description

Time

  • Played on: Aug. 11, 2018, 5:10 p.m.
  • Length: 10:29
Show
View Real Time Build Order
Export as new Build Order

lIlIlIlIlIlI Terran - Winner!

Build Orders: Cyclone Opening, MMM Bio 

Get SALT Encoding   

  12  0:01  SCV  
  13  0:13  SCV  
  14  0:17  Supply Depot  
  14  0:25  SCV  
  15  0:29  Refinery  
  15  0:39  SCV  
  16  0:44  Barracks  
  16  0:51  SCV  
  17  1:03  SCV  
  18  1:15  SCV  
  19  1:30  Barracks Reactor, Orbital Command  
  19  1:42  Command Center  
  19  1:51  Factory  
  19  1:56  SCV  
  20  2:03  Supply Depot  
  20  2:08  SCV  
  21  2:09  Marine  
  21  2:11  Marine  
  23  2:16  Refinery  
  23  2:24  SCV  
  24  2:36  SCV  
  25  2:41  Cyclone  
  28  2:48  SCV  
  28  2:50  Marine  
  30  2:54  Cyclone  
  30  2:56  Orbital Command  
  33  3:01  SCV  
  34  3:10  Marine  
  35  3:13  SCV  
  35  3:14  Cyclone  
  39  3:23  SCV  
  39  3:25  SCV  
  41  3:29  Cyclone  
  44  3:35  Supply Depot, SCV  
  44  3:36  Barracks Tech Lab  
  44  3:37  SCV  
  46  3:43  Barracks  
  46  3:57  SCV x2  
  46  3:59  Engineering Bay  
  48  4:05  Marine  
  48  4:06  Stimpack  
  48  4:09  SCV  
  50  4:15  SCV, Factory Reactor  
  51  4:21  SCV  
  52  4:27  SCV  
  47  4:33  SCV  
  47  4:35  Barracks  
  47  4:36  Supply Depot  
  48  4:39  SCV  
  48  4:45  SCV  
  50  4:51  SCV  
  50  4:52  Marine x3  
  54  4:55  Bunker  
  54  4:58  SCV, Widow Mine  
  57  5:02  Supply Depot  
  57  5:03  SCV  
  56  5:09  Bunker  
  56  5:10  SCV  
  56  5:12  Marine x2  
  54  5:15  SCV  
  50  5:22  SCV  
  50  5:27  SCV  
  51  5:29  Marine  
  51  5:30  Marine  
  51  5:34  SCV  
  50  5:40  SCV  
  48  5:46  SCV  
  49  5:52  SCV  
  49  5:56  Terran Infantry Weapons Level 1  
  50  5:57  Marine x3  
  50  5:58  SCV  
  50  6:03  Starport  
  50  6:04  Missile Turret, SCV  
  55  6:05  Marine x2  
  55  6:10  SCV  
  58  6:12  Factory Reactor  
  58  6:15  Marine x3  
  58  6:16  SCV  
  62  6:19  Combat Shields  
  62  6:23  SCV, Refinery, Marine  
  62  6:25  Supply Depot  
  64  6:26  Marine  
  64  6:28  SCV  
  66  6:32  Marine  
  66  6:33  Marine  
  66  6:35  SCV  
  66  6:38  Marine  
  70  6:43  Barracks  
  70  6:45  Barracks  
  70  6:46  SCV, Marine  
  72  6:47  SCV  
  72  6:51  Marine x3  
  76  6:58  SCV  
  76  6:59  SCV  
  77  7:05  Refinery  
  77  7:09  Supply Depot  
  77  7:10  Supply Depot x2  
  77  7:11  SCV  
  78  7:18  SCV, Medivac x2, Marine x3  
  78  7:19  Factory Reactor  
  83  7:23  SCV, Marine x2  
  86  7:32  SCV  
  86  7:34  Supply Depot  
  86  7:35  Barracks Tech Lab x2  
  87  7:41  Concussive Shells  
  87  7:42  Marauder, Marine x3  
  92  7:48  Medivac x2  
  92  7:49  Marine  
  96  7:54  Marine  
  96  7:55  Marauder  
  99  8:01  Marine  
  99  8:04  Marauder, Marine  
  103  8:09  Marine x2  
  104  8:13  Marauder  
  104  8:16  Marauder  
  104  8:18  Medivac, Marine  
  110  8:22  Marine  
  110  8:23  Widow Mine  
  110  8:24  Supply Depot  
  110  8:25  Marauder  
  115  8:27  Marine  
  115  8:30  Marine  
  115  8:34  Supply Depot, Marauder  
  116  8:36  Marine  
  116  8:38  Marauder  
  119  8:41  Marine  
  119  8:42  Medivac  
  119  8:46  Marauder, Marine  
  119  8:48  Marine  
  126  8:51  Widow Mine, Liberator  
  128  8:57  Marine  
  128  8:58  Marauder  
  131  9:03  Marine x2  
  131  9:04  Marauder  
  131  9:08  Marauder  
  140  9:13  Marine  
  138  9:17  Marine  
  138  9:19  Marauder  
  138  9:24  Marine x2  
  133  9:25  Marauder  
  133  9:29  Marauder  
  131  9:31  Marine  
  131  9:34  Marine  
  124  9:41  Marauder  
  124  9:42  Marine x2  
  125  9:49  Marine  
  125  9:50  Marauder  
  125  9:51  Medivac  
  125  9:52  Medivac  
  132  9:58  Marine  
  132  9:59  Marauder, Marine  
  131  10:00  Marine  
  131  10:02  Marauder  
  124  10:09  Marine  
Show
View Real Time Build Order
Export as new Build Order

llllllllllll Protoss 

Build Orders: Blink Stalkers 

Get SALT Encoding   

  12  0:02  Probe  
  13  0:15  Probe  
  13  0:18  Pylon  
  14  0:25  Probe  
  15  0:33  Probe  
  15  0:38  Gateway  
  15  0:41  Probe  
  16  0:47  Assimilator  
  17  0:53  Probe  
  17  0:55  Assimilator  
  18  1:03  Probe  
  19  1:11  Probe  
  20  1:19  Probe  
  20  1:25  Cybernetics Core  
  21  1:29  Pylon  
  21  1:31  Probe  
  22  1:44  Probe  
  23  1:56  Probe  
  23  2:01  Stalker, Warp Gate  
  26  2:05  Twilight Council  
  26  2:09  Probe  
  27  2:23  Nexus  
  27  2:31  Stalker, Blink  
  29  2:44  Pylon  
  29  2:47  Probe  
  30  3:00  Probe  
  30  3:04  Gateway  
  31  3:08  Probe  
  31  3:10  Gateway  
  32  3:18  Stalker, Probe  
  35  3:29  Probe  
  36  3:36  Probe  
  37  3:47  Probe  
  38  3:50  Shield Battery  
  38  3:54  Probe  
  39  4:00  Probe  
  40  4:05  Stalker x2  
  40  4:06  Stalker  
  40  4:08  Probe  
  47  4:12  Probe  
  47  4:17  Pylon  
  42  4:27  Probe  
  34  4:36  Stalker x2  
  38  4:53  Nexus  
  38  4:58  Pylon  
  38  5:01  Pylon  
  38  5:19  Probe  
  38  5:21  Stalker x2  
  43  5:31  Probe  
  40  5:43  Probe  
  40  5:45  Stalker x2  
  41  5:53  Probe  
  42  6:01  Probe x2  
  42  6:04  Pylon  
  42  6:09  Stalker, Probe  
  42  6:10  Stalker, Probe  
  50  6:19  Robotics Facility, Probe  
  50  6:22  Probe  
  52  6:31  Probe  
  53  6:34  Sentry x3, Probe  
  60  6:42  Probe  
  60  6:44  Probe  
  62  6:47  Assimilator  
  62  6:49  Assimilator  
  62  6:50  Probe  
  62  6:52  Pylon, Probe  
  62  6:58  Probe  
  62  7:00  Probe  
  64  7:04  Observer  
  64  7:08  Robotics Bay  
  66  7:09  Charge  
  66  7:10  Probe  
  66  7:11  Forge  
  70  7:25  Immortal  
  68  7:35  Nexus  
  72  7:40  Pylon  
  72  7:44  Protoss Ground Weapons Level 1  
  72  7:53  Disruptor  
  72  7:58  Stalker x2  
  72  7:59  Stalker  
  81  8:14  Gateway  
  81  8:16  Gateway  
  81  8:21  Gateway  
  81  8:24  Stalker x2  
  85  8:41  Disruptor  
  85  8:43  Pylon  
  85  8:44  Pylon  
  88  8:49  Probe x2  
  88  8:52  Probe  
  91  9:01  Probe  
  92  9:03  Stalker x3  
  92  9:08  Probe  
  99  9:12  Disruptor  
  99  9:13  Probe  
  101  9:30  Stalker x4  
  87  9:42  Stalker  
  89  9:47  Disruptor  
  86  9:56  Stalker x4  
  61  10:14  Stalker  
  61  10:15  Probe  
  61  10:19  Stalker x3  
Tags
 
Add a new tag
Caveats
  • Supply blocks, unpowered buildings, or Contaminate may cause inaccurate times.
  • Supply counts are checked every 10 seconds.